 Dungeon Crawl Stone Soup version 0.31.0-9-g3a7656b989 (webtiles) character file.

Game seed: 9190476513989195057

1317 Couri the Fighter (level 8, -1/91 HPs)
             Began as an Oni Warper on Feb 6, 2024.
             Was an Initiate of Gozag.
             Slain by an ice beast (5 damage)
             ... on level 5 of the Dungeon.
             The game lasted 00:09:06 (4174 turns).

Couri the Fighter (Oni Warper)                      Turns: 4174, Time: 00:09:08

Health: -1/91      AC:  3    Str: 18    XL:     8   Next: 59%
Magic:  11/11      EV:  9    Int: 14    God:    Gozag
Gold:   4          SH:  0    Dex:  8    Spells: 12/12 levels left

rFire   + . .        m - +0 war axe (drain)
rCold   + . .        (no shield)
rNeg    . . .        b - +0 robe
rPois   +            (helmet restricted)
rElec   +            (no cloak)
rCorr   +            (gloves unavailable)
SInv    .            (boots unavailable)
Will    .....        (no amulet)
Stlth   +            (no ring)
HPRegen 0.35/turn    (no ring)
MPRegen 0.12/turn

%: no passive effects
@: mighty, resistant, gold aura, invisible
A: large, unfitting armour, horns 1, tough skin 1, double potion healing,
drunken brawling
a: Renounce Religion, Potion Petition, Call Merchant, Bribe Branch


You were on level 5 of the Dungeon.
You worshipped Gozag.
Gozag was noncommittal.
You visited 1 branch of the dungeon, and saw 5 of its levels.
You also visited: Sewer.

You collected 582 gold pieces.
You paid 578 gold pieces to Gozag.

Inventory:

Hand Weapons
 a - a +0 mace
 h - a +1 dagger of venom
 m - a +0 war axe of draining (weapon)
 r - a +1 short sword of holy wrath
 u - a +0 short sword
 x - a +0 dagger
 y - a +0 dagger
 A - a +0 arbalest
 C - a +0 giant club
Missiles
 d - 7 darts of dispersal (quivered)
 g - 28 poisoned darts
Armour
 b - a +0 robe (worn)
 t - a scarf of repulsion
Jewellery
 q - a ring of protection from cold
 w - a ring of poison resistance
Scrolls
 c - 2 scrolls of blinking
 f - a scroll of noise {unknown}
 i - 3 scrolls of fog {unknown}
 n - 5 scrolls of identify {unknown}
 o - a scroll of vulnerability {unknown}
 p - a scroll of revelation {unknown}
 s - 2 scrolls of enchant armour {unknown}
 v - 2 scrolls of teleportation {unknown}
Potions
 e - a potion of magic {unknown}
 j - 2 potions of brilliance
 k - 2 potions of curing {unknown}
 l - 2 potions of lignification {unknown}
 z - 2 potions of mutation {unknown}
 B - 3 potions of might {unknown}
 D - a potion of heal wounds {unknown}
 E - 2 potions of haste {unknown}
 F - a potion of invisibility {unknown}


   Skills:
 * Level 8.8 Fighting
 * Level 5.9(6.2) Axes
 - Level 2.5(4.6) Maces & Flails
 - Level 1.0 Throwing
 + Level 3.8 Armour
 - Level 2.1 Dodging
 - Level 2.5 Spellcasting
 - Level 2.7 Translocations


You had 12 spell levels left.
You didn't know any spells.
Your spell library contained the following spells:

 Spells                   Type           Power      Damage    Failure   Level
 Blink                    Tloc           18%        N/A       11%         2
 Lesser Beckoning         Tloc           18%        N/A       11%         2
 Teleport Other           Tloc           9%         N/A       22%         3
 Cigotuvi's Dreadful Rot  Necr/Alch/Air  2%         N/A       34%         2
 Jinxbite                 Hex            2%         N/A       34%         2
 Fugue of the Fallen      Necr           1%         N/A       56%         3
 Ozocubu's Armour         Ice            1%         N/A       56%         3
 Tukima's Dance           Hex            1%         N/A       56%         3
 Manifold Assault         Tloc           9%         N/A       58%         4
 Passage of Golubria      Tloc           9%         N/A       58%         4
 Vhi's Electric Charge    Tloc/Air       10%        N/A       78%         4
 Ignite Poison            Fire/Alch      1%         N/A       92%         4
 Freezing Cloud           Conj/Ice/Air   0%         6-21      99%         5
 Yara's Violent Unravell  Hex/Alch       0%         3d3       99%         5
 Enfeeble                 Hex            0%         N/A       100%        7


Dungeon Overview and Level Annotations

Branches:
Dungeon (5/15)             Temple (0/1) D:4           Sewer (visited)

Altars:
Fedhas
Gozag
Makhleb
Okawaru
Zin

Annotations:
D:4 2 transporters, Tomate's ghost, amateur KoEn


Innate Abilities, Weirdness & Mutations

You are too large for most types of armour.
You have a pair of small horns on your head.
You have tough skin. (AC +1)
You gain doubled healing and magic from potions.
Whenever you drink a healing potion, you attack all around you.


Message History

You kill the yak!
The adder bites you but does no damage.
You closely miss the adder.
The adder is almost dead.
The adder bites you.
* * * LOW HITPOINT WARNING * * *
The adder bites you.
* * * LOW HITPOINT WARNING * * *
You closely miss the adder. Your headbutt misses the adder.
The adder is almost dead.
The adder barely misses you.
You slash the adder!
You kill the adder!
You hit the ice beast.
You headbutt the ice beast, but do no damage.
The ice beast is moderately wounded.
The ice beast hits you.
* * * LOW HITPOINT WARNING * * *
The ice beast freezes you.
* * * LOW HITPOINT WARNING * * *
The ice beast hits you.
* * * LOW HITPOINT WARNING * * *
The ice beast freezes you.
* * * LOW HITPOINT WARNING * * *
[a] - 756 gold - resistance, might, haste, brilliance and magic [b] - 276 gold - brilliance and magic [c] - 528 gold - invisibility, might and resistance Purchase which effect?
You no longer have enough gold to petition Gozag for potion effects.
You fade into invisibility!
You feel very mighty all of a sudden.
You feel protected.
The ice beast hits you but does no damage.
You slash the ice beast!
You punch the ice beast, but do no damage.
The ice beast is almost dead.
The ice beast hits you.
* * * LOW HITPOINT WARNING * * *
The ice beast freezes you. You resist.
You die...
Your body crumbles into a pile of gold.

................#...#~#~
####.....####...#...##~#
##...## #...'....###
##.## #...#....... #.#
##...#....... . +#.#+
##....########
...###...###.............
.......8.................
..###..@###.............
+#.#Y.##............
#.#...##...........
##.##...#...........
##...##.$#..>........
###.....####...........
..............##........
............#...'........
#...........#...#........


You could see an ice beast (unable to see you).

Vanquished Creatures
  A shadow (D:5)
  A yak (D:5)
  An ice beast (D:4)
  An ogre (D:5)
  A phantom (D:5)
  3 kobold brigands (Sewer)
  2 scorpions (D:4)
  2 bombardier beetles
  5 hounds
  Jessica (D:2)
  3 iguanas (D:5)
  7 adders
  5 ribbon worms
  2 dart slugs
  4 ball pythons
  5 endoplasms
  5 giant cockroaches
  6 goblins
  9 hobgoblins
  3 quokkas
  5 bats
  7 frilled lizards
  16 kobolds
  8 rats
103 creatures vanquished.

Notes
Turn   | Place    | Note
-------+----------+-------------------------------------------
     0 | D:1      | Couri the Oni Warper began the quest for the Orb.
     0 | D:1      | Reached XP level 1. HP: 22/22 MP: 3/3
   268 | D:1      | Reached skill level 3 in Fighting
   268 | D:1      | Reached XP level 2. HP: 23/31 MP: 5/5
   420 | D:1      | Found a faded altar of an unknown god.
   914 | D:2      | Noticed Jessica
  1034 | D:2      | Reached XP level 3. HP: 37/37 MP: 6/6
  1476 | D:2      | Killed Jessica
  1477 | D:2      | Reached skill level 4 in Fighting
  1477 | D:2      | Reached skill level 1 in Axes
  1477 | D:2      | Reached skill level 1 in Armour
  1477 | D:2      | Reached XP level 4. HP: 3/48 MP: 7/7
  2127 | D:3      | Reached XP level 5. HP: 55/55 MP: 8/8
  2293 | D:3      | Found an opulent altar of Gozag.
  2294 | D:3      | Found a glowing silver altar of Zin.
  2310 | D:3      | Became a worshipper of Gozag Ym Sagoz the Greedy
  2533 | D:4      | Found a staircase to the Ecumenical Temple.
  2612 | D:4      | Reached skill level 5 in Fighting
  2690 | D:4      | Identified the +0 kite shield of the Wilderness {Will+
                  | Regen+ Int+5}
  2711 | D:4      | Noticed an ice beast
  2729 | D:4      | Killed an ice beast
  2730 | D:4      | Reached XP level 6. HP: 67/67 MP: 9/9
  2745 | D:4      | Found a transporter.
  2755 | D:4      | Noticed Tomate's ghost (amateur KoEn)
  2902 | D:4      | Reached skill level 6 in Fighting
  2958 | D:4      | Reached XP level 7. HP: 76/76 MP: 10/10
  3063 | D:4      | Found an iron altar of Okawaru.
  3072 | D:4      | Found a burning altar of Makhleb.
  3193 | D:4      | Found a transporter.
  3256 | D:4      | Found a blossoming altar of Fedhas.
  3318 | D:5      | Entered Level 5 of the Dungeon
  3339 | D:5      | Reached skill level 7 in Fighting
  3741 | D:5      | Found a glowing drain.
  3748 | Sewer    | Entered a sewer
  3810 | Sewer    | Reached skill level 5 in Axes
  3810 | Sewer    | Reached XP level 8. HP: 65/88 MP: 11/11
  4023 | Sewer    | Reached skill level 8 in Fighting
  4151 | D:5      | Noticed a shadow
  4151 | D:5      | Noticed a yak
  4162 | D:5      | Killed a shadow
  4168 | D:5      | Killed a yak
  4174 | D:5      | HP: 4/91 [ice beast (2)]
  4174 | D:5      | Slain by an ice beast

Illustrated notes

Levels and vault maps discovered:
D:1:      dpeg_arrival_boxorama, layout_loops_ring,
          ebering_ecumenical_altar_ruins
D:2:      layout_loops_ring, uniq_jessica
D:3:      layout_basic, grunt_temple_overflow_gold_and_silver
D:4:      layout_rooms, mainiacjoe_overflow_swirl, fedhas_altar_fruit_tree,
          temple_statues, gammafunk_ghost_gnarly_gnolls, minmay_liquid_box
D:5:      cheibrodos_barr_body, layout_gridville, grunt_ashenzari_visionary
          [grunt_ashenzari_visionary_swamp, grunt_ashenzari_visionary_snake],
          mainiacjoe_sewer_entry_somewhere_in_here_1

Skill      XL: |  1  2  3  4  5  6  7  8 |
---------------+-------------------------+-----
Fighting       | 3 4 5 6 7 8 |  8.8
Axes           | 1 3 5 |  5.9
Armour         | 1 2 3 |  3.8
Maces & Flails | |  2.5
Throwing       | |  1.0
Dodging        | |  2.1
Spellcasting   | |  2.5
Translocations | |  2.7

Action                     |  1- 3 |  4- 6 |  7- 9 || total
---------------------------+-------+-------+-------++-------
  Melee: Mace              |    51 |       |       ||    51
         Headbutt          |    13 |     8 |    21 ||    42
         War axe           |    27 |    83 |   111 ||   221
         Punch             |       |     1 |     4 ||     5
 Invoke: Potion Petition   |       |       |     1 ||     1
    Use: Potion            |       |       |     1 ||     1
   Stab: Sleeping          |       |     1 |       ||     1
         Distracted        |       |       |     1 ||     1
 Armour: Robe              |    54 |    69 |    96 ||   219
  Dodge: Dodged            |    33 |    56 |    48 ||   137
